 Dungeon Sprint DCSS version 0.22.1-1-ga44c0e56f4 (webtiles) character file.

17032 MuseOD the Unseen (level 12, -18/70 HPs)
             Began as a Spriggan Enchanter on Sept 22, 2018.
             Was the Champion of Dithmenos.
             Killed from afar by a golden dragon (48 damage)
             ... with a bolt of cold
             ... in the Dungeon (Sprint II: "The Violet Keep of Menkaure").
             The game lasted 00:09:09 (2780 turns).

MuseOD the Unseen (Spriggan Enchanter)              Turns: 2780, Time: 00:09:10

Health: -18/70     AC:  6    Str:  4    XL:     12   Next: 15%
Magic:  9/29       EV: 18    Int: 21    God:    Dithmenos [******]
Gold:   344        SH:  7    Dex: 17    Spells: 13/36 levels left

rFire    . . .     SeeInvis +   p - +1 dagger (flame)
rCold    . . .     Gourm    .   l - +0 buckler {AC+3}
rNeg     . . .     Faith    .   b - +0 robe
rPois    .         Spirit   .   (helmet restricted)
rElec    .         Reflect  .   m - +0 cloak
rCorr    .         Harm     .   (gloves unavailable)
MR       ++...     NoTele   +   (boots unavailable)
Stlth    ++++++++++             (no amulet)
HPRegen  0.21/turn              (no ring)
MPRegen  0.21/turn              (no ring)

@: hasted, wreathed by umbra, very quick
A: very small, unfitting armour, see invisible, herbivore, speed 3, slow
metabolism 2
a: Shadow Step, Shadow Form, Renounce Religion


You were in the Dungeon.
You worshipped Dithmenos.
Dithmenos was exalted by your worship.
You were hungry.

You visited 1 branch You collected 1977 gold pieces.
You spent 1633 gold pieces at shops.

Inventory:

Hand Weapons
 a - a +1 dagger
 p - a +1 dagger of flaming (weapon)
Armour
 b - a +0 robe (worn)
 l - a +0 buckler of protection (worn)
 m - a +0 cloak (worn)
Jewellery
 c - an uncursed ring of stealth {unknown}
Scrolls
 j - a scroll of blinking
 k - 2 scrolls of fear {unknown}
 o - 7 scrolls of identify {unknown}
 r - 2 scrolls of amnesia {unknown}
Potions
 e - 4 potions of curing
 f - 2 potions of mutation
 h - 5 potions of magic
 i - 5 potions of flight
 q - 2 potions of resistance
Comestibles
 d - 6 rations


   Skills:
 - Level 11.0 Fighting
 - Level 18.8 Short Blades
 - Level 3.0 Dodging
 + Level 20.2 Stealth
 - Level 5.4 Shields
 - Level 12.7 Spellcasting
 + Level 3.4 Conjurations
 - Level 13.0 Hexes


You had 13 spell levels left.
You knew the following spells:

 Your Spells              Type           Power        Failure   Level  Hunger
a - Corona                Hex            ######.      1%          1    None
b - Ensorcelled Hibernat  Hex/Ice        #####.       1%          2    None
c - Confuse               Hex            ######..     1%          3    None
d - Dazzling Spray        Conj/Hex       #####.       1%          3    None
e - Poison Arrow          Conj/Pois      ###.......   99%         6    #####..
f - Lehudib's Crystal Sp  Conj/Erth      ###.......   100%        8    #######

Your spell library contained the following spells:

 Spells                   Type           Power        Failure   Level  Hunger
 Tukima's Dance           Hex            ######..     1%          3    None
 Chain Lightning          Conj/Air       ###.......   100%        8    #######
 Fire Storm               Conj/Fire      ###.......   100%        9    #######
 Glaciate                 Conj/Ice       ###.......   100%        9    #######


Dungeon Overview and Level Annotations

Branches:
Dungeon (1/1)

Altars:
Cheibriados
Dithmenos
Elyvilon
Fedhas
Gozag
Hepliaklqana
Kikubaaqudgha
Makhleb
Nemelex Xobeh
Okawaru
Qazlal
Ru
Sif Muna
Trog
Uskayaw
Vehumet
Wu Jian
Xom
Yredelemnul
Zin
The Shining One
Beogh
Jiyva
Lugonu

Shops:
D :(!}[%[%?:=[!=?:

Annotations:
D exclusions: obsidian statue and oklob plant, Kirke, Roxanne


Innate Abilities, Weirdness & Mutations

You are very small and have problems with some larger weapons.
You are too small for most types of armour.
You have supernaturally acute eyesight. (SInv)
You are a herbivore.
You cover ground extremely quickly.
You need to consume almost no food.


Message History

Casting: Confuse (safe; 1% risk of failure)
Confirm with . or Enter, or press ? or * to list all spells.
Aiming: Confuse (safe; 1% risk of failure)
Press: ? - help, Shift-Dir - straight line, f/p - skeletal warrior
Aim: a skeletal warrior, wielding a long sword (moderately damaged, umbra,
Okay, then.
Casting: Confuse (safe; 1% risk of failure)
Confirm with . or Enter, or press ? or * to list all spells.
Okay, then.
Casting: Confuse (safe; 1% risk of failure)
Confirm with . or Enter, or press ? or * to list all spells.
Aiming: Confuse (safe; 1% risk of failure)
Press: ? - help, Shift-Dir - straight line, f/p - skeletal warrior
Aim: a skeletal warrior, wielding a long sword (moderately damaged, umbra, The golden dragon resists with almost no effort.
A storm dragon comes into view.
The golden dragon breathes cold at you. The bolt of cold hits you!
Ouch! That really hurt!
You die...

####+#### ##≈≈≈§§≈§##
##≈≈§§§≈§≈.## ###
+≈§≈≈§8≈≈§≈≈##++
e##.2Y####§§≈§§.§≈≈##≈..
DD.KzD)@≈##§§≈≈§§§##e≈..
############≈≈#+++#+++#####(
###########≈≈≈.........#..'.
##.....∩.∩#≈≈≈≈.##'##..#÷.##
##....∩.∩.#≈≈≈≈###.###.####.
##...∩.∩..#≈≈≈≈#..#..#....#.
##..∩.∩...#≈≈####.#.####§§##
##.⌠.∩....#≈##†###'###.##§§#
##..∩.∩...#≈###.##.##..§#§§#


You could see a bone dragon, a golden dragon, a storm dragon (wandering), a
cacodemon, an elephant, a skeletal warrior, a deep elf high priest and a kobold
demonologist.

Vanquished Creatures
  A hellephant (D)
  A deep elf blademaster (D)
  A kraken (D)
  A draconian shifter (D)
  A crystal guardian (D)
  A yaktaur captain (D)
  A centaur warrior (D)
  An ice dragon (D)
  Sonja (D)
  2 death drakes (D)
  A glowing orange brain (D)
  A harpy (D)
  3 manticores (D)
  A merfolk siren (D)
  An eye of devastation (D)
  A yaktaur (D)
  5 polar bears (D)
  2 tyrant leeches (D)
  A hornet (D)
  6 flying skulls (D)
  Menkaure (D)
  2 swamp drakes (D)
  4 worker ants (D)
  3 worms (D)
43 creatures vanquished.

Vanquished Creatures (others)
  A crocodile (D)
  20 tentacles (D)
21 creatures vanquished.

Grand Total: 64 creatures vanquished

Notes
Turn   | Place    | Note
-------+----------+-------------------------------------------
     0 | D        | MuseOD the Spriggan Enchanter began the quest for the Orb.
     0 | D        | Reached XP level 1. HP: 9/9 MP: 5/5
     1 | D        | Noticed a tyrant leech
     1 | D        | Noticed a tyrant leech
     6 | D        | Noticed a worker ant
     6 | D        | Noticed a worker ant
     6 | D        | Noticed a worker ant
     6 | D        | Noticed a worker ant
    10 | D        | Killed a worker ant
    10 | D        | Reached skill level 6 in Stealth
    10 | D        | Reached XP level 2. HP: 15/15 MP: 6/6
    15 | D        | Reached skill level 5 in Short Blades
    15 | D        | Reached skill level 7 in Stealth
    15 | D        | Reached XP level 3. HP: 19/19 MP: 8/8
    22 | D        | Reached XP level 4. HP: 24/24 MP: 9/9
    28 | D        | Reached skill level 8 in Stealth
    51 | D        | Learned a level 2 spell: Ensorcelled Hibernation
    55 | D        | Learned a level 3 spell: Confuse
    55 | D        | Noticed Roxanne
    57 | D        | Noticed Menkaure
    61 | D        | Found Byquv's Book Shoppe.
    62 | D        | Found Tuhusech's Jewellery Shoppe.
    62 | D        | Found Dioleow's Magic Scroll Emporium.
    64 | D        | Found Ynaet's Jewellery Emporium.
    64 | D        | Found Xoasaef's Antique Armour Shoppe.
    64 | D        | Found Hima's Distillery.
    66 | D        | Killed Menkaure
    66 | D        | Reached skill level 10 in Stealth
    66 | D        | Reached XP level 5. HP: 29/30 MP: 6/10
    82 | D        | Killed a crocodile
    83 | D        | Found a snail-covered altar of Cheibriados.
    84 | D        | Found a shadowy altar of Dithmenos.
    85 | D        | Found a white marble altar of Elyvilon.
    85 | D        | Found an ancient bone altar of Kikubaaqudgha.
    85 | D        | Found a roughly hewn altar of Beogh.
    85 | D        | Found a viscous altar of Jiyva.
    86 | D        | Found a blossoming altar of Fedhas.
    86 | D        | Found a corrupted altar of Lugonu.
    86 | D        | Found a deep blue altar of Sif Muna.
    86 | D        | Found a hazy altar of Hepliaklqana.
    86 | D        | Found a sacrificial altar of Ru.
    87 | D        | Found an opulent altar of Gozag.
    87 | D        | Found a burning altar of Makhleb.
    87 | D        | Found a bloodstained altar of Trog.
    87 | D        | Found a shimmering altar of Xom.
    88 | D        | Found a sparkling altar of Nemelex Xobeh.
    88 | D        | Found a hide-covered altar of Uskayaw.
    89 | D        | Found a basalt altar of Yredelemnul.
    90 | D        | Found an iron altar of Okawaru.
    90 | D        | Found a radiant altar of Vehumet.
    90 | D        | Found a glowing silver altar of Zin.
    91 | D        | Found a stormy altar of Qazlal.
    91 | D        | Found an ornate altar of the Wu Jian Council.
    91 | D        | Found a glowing golden altar of the Shining One.
    96 | D        | Became a worshipper of Dithmenos the Shadowed
   105 | D        | Noticed a polar bear
   106 | D        | Noticed a polar bear
   107 | D        | Killed a polar bear
   107 | D        | Reached skill level 5 in Fighting
   107 | D        | Reached skill level 11 in Stealth
   107 | D        | Reached XP level 6. HP: 36/36 MP: 9/11
   109 | D        | Killed a polar bear
   109 | D        | Reached skill level 12 in Stealth
   109 | D        | Reached XP level 7. HP: 41/41 MP: 10/12
   116 | D        | Learned a level 3 spell: Dazzling Spray
   120 | D        | Noticed an ice dragon
   165 | D        | Killed an ice dragon
   165 | D        | Reached * piety under Dithmenos
   165 | D        | Reached skill level 13 in Stealth
   165 | D        | Reached skill level 5 in Spellcasting
   165 | D        | Reached skill level 5 in Hexes
   165 | D        | Reached XP level 8. HP: 30/46 MP: 4/17
   181 | D        | Noticed a deep elf master archer
   185 | D        | Noticed a manticore
   185 | D        | Noticed a manticore
   185 | D        | Noticed a manticore
   187 | D        | Killed a manticore
   187 | D        | Reached skill level 14 in Stealth
   188 | D        | Killed a manticore
   188 | D        | Reached XP level 9. HP: 36/51 MP: 6/20
   190 | D        | Killed a manticore
   190 | D        | Reached ** piety under Dithmenos
   190 | D        | Reached skill level 15 in Stealth
   547 | D        | Noticed a death drake
   548 | D        | Noticed a death drake
   548 | D        | Noticed a crystal guardian
   552 | D        | Killed a crystal guardian
   552 | D        | Reached skill level 15 in Short Blades
   553 | D        | Killed a death drake
   553 | D        | Reached *** piety under Dithmenos
   553 | D        | Reached skill level 16 in Stealth
   555 | D        | Killed a death drake
   555 | D        | Reached XP level 10. HP: 58/58 MP: 21/24
   583 | D        | Reached **** piety under Dithmenos
   583 | D        | Reached skill level 10 in Hexes
   644 | D        | Noticed a kraken
  1406 | D        | HP: 1/58 [tentacle[a kraken] (21)]
  1407 | D        | Killed a kraken
  1407 | D        | Reached skill level 17 in Stealth
  1407 | D        | Reached skill level 10 in Spellcasting
  1717 | D        | Noticed a black draconian shifter
  1717 | D        | Noticed a glowing orange brain
  1717 | D        | Noticed a hellephant
  1718 | D        | Noticed Sonja
  1720 | D        | Killed a hellephant
  1720 | D        | Reached skill level 10 in Fighting
  1720 | D        | Reached XP level 11. HP: 63/63 MP: 25/27
  1758 | D        | Killed a black draconian shifter
  1758 | D        | Reached skill level 18 in Stealth
  1800 | D        | Killed a glowing orange brain
  1800 | D        | Reached ***** piety under Dithmenos
  1814 | D        | Killed Sonja
  1995 | D        | Noticed a harpy
  1998 | D        | Noticed a deep elf blademaster
  1999 | D        | Killed a harpy
  2000 | D        | Killed a deep elf blademaster
  2003 | D        | Reached skill level 19 in Stealth
  2003 | D        | Reached skill level 5 in Shields
  2142 | D        | HP: 1/65 [flying skull (7)]
  2150 | D        | Reached ****** piety under Dithmenos
  2407 | D        | Noticed an obsidian statue
  2434 | D        | Noticed a shining eye
  2434 | D        | Noticed a shining eye
  2434 | D        | Noticed a shining eye
  2434 | D        | Noticed a shining eye
  2434 | D        | Noticed a shining eye
  2434 | D        | Noticed a shining eye
  2434 | D        | Noticed a shining eye
  2434 | D        | Noticed a shining eye
  2434 | D        | Noticed a shining eye
  2434 | D        | Noticed a shining eye
  2434 | D        | Noticed a shining eye
  2434 | D        | Noticed a shining eye
  2677 | D        | Found Vaetzim's Book Shoppe.
  2677 | D        | Found Purohuvu's Magic Scroll Emporium.
  2677 | D        | Found Xorpha's Food Shoppe.
  2677 | D        | Found Golloquw's Armour Emporium.
  2678 | D        | Found Ecane's Antique Armour Shoppe.
  2678 | D        | Found Zurizam's Gadget Emporium.
  2679 | D        | Found Sijoytyunal's Distillery.
  2679 | D        | Found Efafo's Antique Weapon Emporium.
  2680 | D        | Found Ufewothesoa's Food Emporium.
  2681 | D        | Noticed an oklob plant
  2682 | D        | Found Getangits's Book Shoppe.
  2683 | D        | Noticed a fire dragon
  2704 | D        | Noticed a hell hog
  2710 | D        | Bought a potion of mutation for 88 gold pieces
  2718 | D        | Bought a book of Annihilations for 1545 gold pieces
  2725 | D        | Learned a level 6 spell: Poison Arrow
  2734 | D        | Learned a level 8 spell: Lehudib's Crystal Spear
  2749 | D        | Reached skill level 1 in Conjurations
  2749 | D        | Reached XP level 12. HP: 70/70 MP: 29/29
  2761 | D        | Noticed Kirke
  2761 | D        | Noticed a yaktaur captain
  2762 | D        | Noticed a centaur warrior
  2764 | D        | Noticed a bone dragon
  2764 | D        | Noticed a cacodemon
  2764 | D        | Noticed a golden dragon
  2764 | D        | Noticed a deep elf high priest
  2770 | D        | Killed a yaktaur captain
  2774 | D        | Killed a centaur warrior
  2774 | D        | Reached skill level 20 in Stealth
  2780 | D        | Noticed a storm dragon
  2780 | D        | Killed from afar by a golden dragon

Skill      XL: |  1  2  3  4  5  6  7  8  9 10 11 12 |
---------------+-------------------------------------+-----
Fighting       | 2 3 4 5 6 7 9 10 11 | 11.0
Short Blades   | 4 5 6 9 11 13 14 15 17 18 | 18.8
Stealth        | 6 7 10 11 12 13 14 16 17 19 20 | 20.2
Spellcasting   | 5 6 9 11 12 | 12.7
Hexes          | 5 7 9 11 13 | 13.0
Shields        | 3 5 |  5.4
Conjurations   | 1 3 |  3.4
Dodging        | |  3.0

Action                   |  1- 3 |  4- 6 |  7- 9 | 10-12 || total
-------------------------+-------+-------+-------+-------++-------
Melee: Dagger            |    15 |    10 |    14 |   127 ||   166
 Cast: Confuse           |       |     1 |     2 |    47 ||    50
       Dazzling Spray    |       |       |     1 |     1 ||     2
Invok: Shadow Step       |       |       |       |     2 ||     2
  Use: Potion            |     1 |       |       |     9 ||    10
 Stab: Confused          |       |     1 |     3 |    25 ||    29
       Sleeping          |       |     2 |     8 |     9 ||    19
Armor: Robe              |       |       |     1 |     7 ||     8
Dodge: Dodged            |     6 |     4 |     6 |    56 ||    72
Block: Buckler           |       |       |       |    18 ||    18
